 Dungeon Crawl Stone Soup version 0.29-a0-911-g88e6f02907 (webtiles) character file.

Game seed: 11180696924417388984

528 wilfster70 the Poker (level 7, -1/43 HPs)
             Began as a Gargoyle Gladiator on July 25, 2022.
             Was an Elder of Lugonu.
             Slain by Edmund
             ... wielding a +2 flail of protection
              (10 damage)
             ... on level 4 of the Dungeon.
             The game lasted 00:10:05 (4399 turns).

wilfster70 the Poker (Gargoyle Gladiator)           Turns: 4399, Time: 00:10:06

Health: -1/43      AC: 16    Str: 17    XL:     7   Next: 23%
Magic:  9/9        EV: 10    Int: 11    God:    Lugonu [****..]
Gold:   133        SH:  0    Dex: 11    Spells: 6/6 levels left

rFire   . . .      SeeInvis .   a - +1 trident
rCold   . . .      Faith    .   (no shield)
rNeg    + . .      Spirit   .   j - +0 scale mail
rPois   ∞          Reflect  .   f - +2 helmet
rElec   +          Harm     .   u - +1 cloak
rCorr   +          Rampage  .   (no gloves)
Will    .....                   m - +0 pair of boots
Stlth   ..........              i - amulet of magic regeneration
HPRegen 0.14/turn               b - ring of resist corrosion
MPRegen 0.51/turn               (no ring)

@: no status effects
A: sickness immunity, AC +4, negative energy resistance 1, electricity
resistance, torment resistance 1, petrification resistance
a: Renounce Religion, Depart the Abyss, Bend Space, Banish, Corrupt


You were on level 4 of the Dungeon.
You worshipped Lugonu.
Lugonu was greatly pleased with you.
You visited 1 branch of the dungeon, and saw 4 of its levels.

You collected 133 gold pieces.

Inventory:

Hand Weapons
 a - a +1 trident (weapon)
Missiles
 d - 3 throwing nets (quivered)
 e - a javelin
Armour
 f - a +2 helmet (worn)
 j - a +0 scale mail (worn)
 m - a +0 pair of boots (worn)
 u - a +1 cloak (worn)
Jewellery
 b - a ring of resist corrosion (left hand)
 i - an amulet of magic regeneration (around neck)
 l - a ring of willpower
Wands
 o - a wand of polymorph (8)
Scrolls
 r - 2 scrolls of identify
 s - a scroll of teleportation {unknown}
 v - a scroll of enchant armour {unknown}
Potions
 c - 3 potions of mutation
 h - 4 potions of curing
 k - a potion of flight {unknown}
 n - a potion of magic {unknown}
 p - a potion of heal wounds
 q - 2 potions of berserk rage {unknown}
 t - a potion of cancellation {unknown}


   Skills:
 - Level 4.0 Fighting
 * Level 5.8 Polearms
 - Level 1.7 Throwing
 - Level 2.4 Dodging
 + Level 3.8 Invocations


You had 6 spell levels left.
You didn't know any spells.
Your spell library contained the following spells:

 Spells                   Type           Power      Damage    Failure   Level
 Necrotise                Necr           0%         1d4       78%         1
 Slow                     Hex            0%         N/A       78%         1
 Summon Small Mammal      Summ           0%         N/A       78%         1
 Call Canine Familiar     Summ           0%         N/A       98%         3
 Confusing Touch          Hex            0%         N/A       98%         3
 Dazzling Flash           Conj/Hex       0%         N/A       98%         3
 Ozocubu's Armour         Ice            0%         N/A       98%         3
 Summon Guardian Golem    Hex/Summ       0%         N/A       98%         3
 Vampiric Draining        Necr           0%         2d6       98%         3
 Corpse Rot               Necr/Pois/Air  0%         N/A       100%        4
 Dispel Undead            Necr           0%         3d6       100%        4
 Iskenderun's Mystic Bla  Conj/Tloc      0%         2d3       100%        4
 Agony                    Necr           0%         N/A       100%        5
 Metabolic Englaciation   Hex/Ice        0%         N/A       100%        5
 Death Channel            Necr           0%         N/A       100%        6
 Simulacrum               Ice/Necr       0%         N/A       100%        6
 Starburst                Conj/Fire      0%         6d3       100%        6


Dungeon Overview and Level Annotations

Branches:
Dungeon (4/15)
 Temple: D:4-7

Altars:
Cheibriados
Dithmenos
Fedhas
Hepliaklqana
Kikubaaqudgha
Yredelemnul
Lugonu

Annotations:
D:4 Edmund


Innate Abilities, Weirdness & Mutations

You are immune to sickness and miasma.
Your stone body is resilient. (AC +4)
You are immune to poison.
You resist negative energy. (rN+)
You are resistant to electric shocks. (rElec)
You are resistant to unholy torment.
You are immune to petrification.


Message History

You hit Edmund but do no damage.
Edmund is severely wounded.
Edmund closely misses you.
Reach: a) +1 trident
Press: ? - help, Dir - move target, f/p - Edmund
Aim: Edmund, wielding a +2 flail of protection and wearing a +0 leather armour (severely wounded, unable to see you, about 40% to evade your +1 trident)
You hit Edmund.
Edmund is severely wounded.
You flicker for a moment.
Edmund hits you with a +2 flail of protection.
* * * LOW HITPOINT WARNING * * *
Reach: a) +1 trident
Press: ? - help, Dir - move target, f/p - Edmund
Aim: Edmund, wielding a +2 flail of protection and wearing a +0 leather armour (severely wounded, unable to see you, about 40% to evade your +1 trident)
You closely miss Edmund.
Edmund is severely wounded.
Edmund barely misses you.
Reach: a) +1 trident
Press: ? - help, Dir - move target, f/p - Edmund
Aim: Edmund, wielding a +2 flail of protection and wearing a +0 leather armour (severely wounded, unable to see you, about 40% to evade your +1 trident)
You closely miss Edmund.
Edmund is severely wounded.
Edmund barely misses you.
Reach: a) +1 trident
Press: ? - help, Dir - move target, f/p - Edmund
Aim: Edmund, wielding a +2 flail of protection and wearing a +0 leather armour (severely wounded, unable to see you, about 40% to evade your +1 trident)
You hit Edmund but do no damage.
Edmund is severely wounded.
Edmund barely misses you.
Reach: a) +1 trident
Press: ? - help, Dir - move target, f/p - Edmund
Aim: Edmund, wielding a +2 flail of protection and wearing a +0 leather armour (severely wounded, unable to see you, about 40% to evade your +1 trident)
You hit Edmund.
Edmund is almost dead.
Edmund hits you but does no damage.
You hit Edmund.
Edmund is almost dead.
You flicker back into view.
Edmund hits you with a +2 flail of protection!
You die...

..#..# #
..#..# .#
##@#..# #.###
# ##..#..#
..... #.
#)..#..# ####
#..##..#..#
.##
#......#..#
#.# #......#
.## #...@@.#
### #...#..#
..# #...#..#
#.# #...#..#
..#####
#...#..#
.......
....#..#
...####
...#)#..# ...#
#..########..#
...#
#............#


You could see Edmund.

Vanquished Creatures
  A phantom (D:3)
  A necrophage (D:4)
  A scorpion (D:4)
  A howler monkey (D:4)
  A hound (D:4)
  An orc priest (D:4)
  Jessica (D:2)
  An orc wizard (D:4)
  Robin (D:2)
  2 gnolls (D:1)
  3 adders (D:2)
  3 worms
  2 dart slugs
  8 orcs
  6 endoplasms
  4 giant cockroaches
  16 goblins
  8 hobgoblins
  3 jackals (D:2)
  12 kobolds
  6 quokkas
  9 ball pythons
  7 bats
  6 frilled lizards
  6 rats
110 creatures vanquished.

Notes
Turn   | Place    | Note
-------+----------+-------------------------------------------
     0 | D:1      | wilfster70 the Gargoyle Gladiator began the quest for the
                  | Orb.
     0 | D:1      | Reached XP level 1. HP: 12/12 MP: 1/1
   329 | D:1      | Reached skill level 3 in Polearms
   329 | D:1      | Reached XP level 2. HP: 18/18 MP: 2/2
   691 | D:1      | Found a faded altar of an unknown god.
   703 | D:1      | Prayed at the altar of an unknown god.
   703 | D:1      | Became a worshipper of Lugonu the Unformed
   703 | D:1      | Reached * piety under Lugonu
   703 | D:1      | Reached ** piety under Lugonu
   744 | D:1      | Reached XP level 3. HP: 22/22 MP: 3/3
  1641 | D:2      | Reached skill level 1 in Invocations
  1641 | D:2      | Reached XP level 4. HP: 26/28 MP: 4/4
  1850 | D:2      | Noticed Robin
  1882 | D:2      | Reached *** piety under Lugonu
  1888 | D:2      | Killed Robin
  1889 | D:2      | Reached skill level 4 in Polearms
  2348 | D:2      | Reached XP level 5. HP: 30/32 MP: 6/6
  2483 | D:2      | Noticed Jessica
  2523 | D:2      | Killed Jessica
  3023 | D:3      | Found a large runed translucent door.
  3023 | D:3      | Found a large runed translucent door.
  3166 | D:3      | Noticed a phantom
  3197 | D:3      | Killed a phantom
  3198 | D:3      | Reached XP level 6. HP: 32/38 MP: 7/7
  3609 | D:3      | Found a blossoming altar of Fedhas.
  3623 | D:3      | Found a shadowy altar of Dithmenos.
  3706 | D:4      | Reached skill level 5 in Polearms
  4068 | D:4      | Found a snail-covered altar of Cheibriados.
  4085 | D:4      | Reached XP level 7. HP: 43/43 MP: 9/9
  4087 | D:4      | Found an ancient bone altar of Kikubaaqudgha.
  4088 | D:4      | Found a hazy altar of Hepliaklqana.
  4091 | D:4      | Found a basalt altar of Yredelemnul.
  4160 | D:4      | Reached **** piety under Lugonu
  4352 | D:4      | Noticed Edmund
  4399 | D:4      | Slain by Edmund

Illustrated notes

Levels and vault maps discovered:
D:1:      amcnicky_arrival_choice, layout_basic,
          ebering_ecumenical_altar_petrified
D:2:      layout_basic, kennysheep_jessica_study, uniq_robin
D:3:      layout_rooms, jmf_multi_god_temple2
D:4:      layout_loops_ring, minitemple, serial_bayou_pond_b,
          minmay_fountain_box, sigmund_edmund_badplayer, uniq_edmund

Skill      XL: |  1  2  3  4  5  6 |
---------------+-------------------+-----
Polearms       | 3 4 5 |  5.8
Fighting       | 3 4 |  4.0
Invocations    | 1 2 3 |  3.8
Throwing       | |  1.7
Dodging        | |  2.4

Action                   |  1- 3 |  4- 6 |  7- 9 || total
-------------------------+-------+-------+-------++-------
Melee: Trident           |   127 |   284 |    64 ||   475
       Punch             |     1 |     3 |     3 ||     7
  Use: Potion            |     1 |     2 |     1 ||     4
       Scroll            |     4 |     5 |       ||     9
 Stab: Invisible         |       |       |     3 ||     3
Armor: Leather armour    |    20 |       |       ||    20
       Scale mail        |    39 |   176 |    22 ||   237
Dodge: Dodged            |    68 |   152 |    27 ||   247

Table legend: (Time is in decaauts)
 A = Elapsed time spent in this place.
 B = Non-inter-level travel time spent in this place.
 C = Inter-level travel time spent in this place.
 D = Time resting spent in this place.
 E = Time spent auto-exploring this place.
 F = Levels seen in this place.
 G = Mean time per level.
                   A        B        C        D        E       F      G
               +--------+--------+--------+--------+--------+-----+--------+
         Total |   4429 |   4281 |    148 |   1179 |   1440 |   4 | 1107.2 |
       Dungeon |   4429 |   4281 |    148 |   1179 |   1440 |   4 | 1107.2 |
               +--------+--------+--------+--------+--------+-----+--------+

Top non-repeatable levels by time:
     D:1: 1638 daAuts
     D:2: 1231 daAuts
     D:3: 827 daAuts
     D:4: 732 daAuts
